 Dungeon Crawl Stone Soup version 0.26-a0-812-g31a745ddcd (webtiles) character file.

Game seed: 10490512699964434089

151 vurker the Sneak (level 5, -1/37 HPs)
             Began as a Gnoll Enchanter on Dec 5, 2020.
             Slain by Menkaure (11 damage)
             ... on level 4 of the Dungeon.
             The game lasted 00:04:39 (4322 turns).

vurker the Sneak (Gnoll Enchanter)                  Turns: 4322, Time: 00:04:40

Health: -1/37      AC:  5    Str: 10    XL:     5   Next: 33%
Magic:  0/12       EV: 15    Int: 18    God:
Gold:   199        SH:  0    Dex: 16    Spells: 13/14 levels left

rFire    . . .     SeeInvis .   h - +0 whip (elec)
rCold    . . .     Faith    .   (no shield)
rNeg     . . .     Spirit   +   b - +0 robe
rPois    +         Reflect  .   r - +2 hat
rElec    .         Harm     .   c - +0 cloak
rCorr    .         Rampage  .   (no gloves)
MR       .....                  (no boots)
Stlth    +++.......             o - amulet of guardian spirit
HPRegen  0.12/turn              g - ring of poison resistance
MPRegen  0.13/turn              (no ring)

@: no status effects
A: distributed training, fangs 1, strong nose
a: no special abilities


You were on level 4 of the Dungeon.
You visited 1 branch of the dungeon, and saw 4 of its levels.

You collected 199 gold pieces.

Inventory:

Hand Weapons
 h - a +0 whip of electrocution (weapon)
   (You took it off a gnoll on level 3 of the Dungeon)
Armour
 b - a +0 robe (worn)
 c - a +0 cloak (worn)
   (You found it on level 1 of the Dungeon)
 r - a +2 hat (worn)
   (You found it on level 3 of the Dungeon)
Jewellery
 g - a ring of poison resistance (left hand)
   (You found it on level 1 of the Dungeon)
 o - an amulet of guardian spirit (around neck)
   (You found it on level 3 of the Dungeon)
Scrolls
 d - a scroll of amnesia {unknown}
 e - 3 scrolls of remove curse
 f - a scroll of blinking {unknown}
 j - 2 scrolls of identify
 k - a scroll of enchant weapon {unknown}
 n - a scroll of magic mapping {unknown}
 p - a scroll of enchant armour {unknown}
 q - a scroll of fear {unknown}
Potions
 i - a potion of magic
 l - 3 potions of curing
 m - a potion of invisibility


   Skills:
 + Level 1.4 Fighting
 + Level 2.9 Short Blades
 + Level 1.4 Long Blades
 + Level 1.4 Axes
 + Level 1.4 Maces & Flails
 + Level 1.4 Polearms
 + Level 1.4 Staves
 + Level 1.4 Slings
 + Level 1.4 Bows
 + Level 1.4 Crossbows
 + Level 1.4 Throwing
 + Level 1.4 Armour
 + Level 4.7 Dodging
 + Level 6.1 Stealth
 + Level 1.4 Shields
 + Level 1.4 Unarmed Combat
 + Level 5.2 Spellcasting
 + Level 1.1 Conjurations
 + Level 5.5 Hexes
 + Level 1.1 Summonings
 + Level 1.1 Necromancy
 + Level 1.1 Translocations
 + Level 1.1 Transmutations
 + Level 1.1 Fire Magic
 + Level 1.1 Ice Magic
 + Level 1.1 Air Magic
 + Level 1.1 Earth Magic
 + Level 1.1 Poison Magic
 + Level 1.6 Invocations
 + Level 1.4 Evocations


You had 13 spell levels left.
You knew the following spells:

 Your Spells              Type           Power        Failure   Level
a - Corona                Hex            ###....      1%          1

Your spell library contained the following spells:

 Spells                   Type           Power        Failure   Level
 Ensorcelled Hibernation  Hex/Ice        ###...       4%          2
 Confusing Touch          Hex            ###.....     4%          3
 Tukima's Dance           Hex            ###.....     4%          3
 Summon Small Mammal      Summ           #...         9%          1
 Dazzling Flash           Conj/Hex       ###...       10%         3
 Summon Guardian Golem    Hex/Summ       ###.....     10%         3
 Call Imp                 Summ           #.......     12%         2
 Call Canine Familiar     Summ           #.......     24%         3
 Summon Ice Beast         Ice/Summ       #.......     63%         4
 Summon Lightning Spire   Summ/Air       #.......     63%         4


Dungeon Overview and Level Annotations

Branches:
Dungeon (4/15)
 Temple: D:4-7

Altars:
Dithmenos
Elyvilon
Hepliaklqana
Qazlal
Wu Jian

Annotations:
D:4 Menkaure


Innate Abilities, Weirdness & Mutations

Your experience applies equally to all skills.
You have very sharp teeth.
Your uncanny sense of smell can sniff out nearby items.


Message History

You kill the gnoll!
Unknown command.
Things that are here:
a +0 whip of electrocution; a gnoll corpse
h - a +0 whip of electrocution
There is a stone staircase leading down here.
You hear the crackle of electricity.
h - a +0 whip of electrocution (weapon)
Drop what? 18/52 slots (_ for help) (? for menu, Esc to quit)
You drop a +1 dagger.
You start resting.
You start resting.
You climb downwards.
There is a stone staircase leading up here.
Menkaure, Prince of Dust comes into view.
Menkaure shouts!
There is a stone staircase leading up here.
You climb upwards.
There is a stone staircase leading down here.
You see here a +1 dagger.
You climb downwards.
Level annotation: Menkaure
There is a stone staircase leading up here.
Menkaure gestures at you while chanting.
Pain shoots through your body!
Menkaure mumbles some strange words.
Menkaure seems to speed up.
You climb upwards.
There is a stone staircase leading down here.
You see here a +1 dagger.
You start resting.
You start resting.
You climb downwards.
Level annotation: Menkaure Menkaure breathes soot at you.
There is a stone staircase leading up here.
You hit Menkaure. Menkaure hits you.
You barely miss Menkaure. Menkaure misses you.
You hit Menkaure but do no damage. You hit Menkaure but do no damage.
Lightning courses through Menkaure! Menkaure barely misses you.
You hit Menkaure but do no damage. Menkaure hits you!!
* * * LOW HITPOINT WARNING * * *
You hit Menkaure. Menkaure misses you.
You hit Menkaure but do no damage. You bite Menkaure, but do no damage.
Menkaure hits you!
* * * LOW HITPOINT WARNING * * *
You hit Menkaure. You hit Menkaure but do no damage. Menkaure hits you!
You die...

####...## #....#
####...########....#
..............#....#
....#.........#....#
....#.........#....#
...##.........#....#
##. #.........#....#
############..#.M..#
...........#....@..#
.#########.#.!####.#
.....#.....#..# #.#
####.#.#####..# #.#
.....#.....'..## #.#
############...# #.#
###.# #.# #.# #.#
#.# #.#


You could see Menkaure.

Vanquished Creatures
  A gnoll (D:3)
  4 adders
  3 oozes
  4 dart slugs
  2 worms (D:2)
  A leopard gecko (D:1)
  5 orcs (D:3)
  3 ball pythons
  4 giant cockroaches
  4 goblins
  6 hobgoblins
  8 jackals
  2 quokkas (D:3)
  7 bats
  6 frilled lizards
  4 kobolds
  6 rats
70 creatures vanquished.

Notes
Turn   | Place    | Note
-------+----------+-------------------------------------------
     0 | D:1      | vurker the Gnoll Enchanter began the quest for the Orb.
     0 | D:1      | Reached XP level 1. HP: 13/13 MP: 6/6
    83 | D:1      | Reached XP level 2. HP: 9/19 MP: 7/7
   654 | D:1      | Reached XP level 3. HP: 25/25 MP: 9/9
   847 | D:1      | Reached skill level 5 in Spellcasting
   976 | D:1      | You fall into a shaft and drop 1 floor!
   994 | D:2      | Reached skill level 6 in Stealth
  1300 | D:2      | Reached skill level 1 in Invocations
  1562 | D:1      | Reached skill level 1 in Fighting
  1562 | D:1      | Reached skill level 1 in Long Blades
  1562 | D:1      | Reached skill level 1 in Axes
  1562 | D:1      | Reached skill level 1 in Maces & Flails
  1562 | D:1      | Reached skill level 1 in Polearms
  1562 | D:1      | Reached skill level 1 in Staves
  1562 | D:1      | Reached skill level 1 in Slings
  1562 | D:1      | Reached skill level 1 in Bows
  1562 | D:1      | Reached skill level 1 in Crossbows
  1562 | D:1      | Reached skill level 1 in Throwing
  1562 | D:1      | Reached skill level 1 in Armour
  1562 | D:1      | Reached skill level 1 in Shields
  1562 | D:1      | Reached skill level 1 in Unarmed Combat
  1562 | D:1      | Reached skill level 1 in Evocations
  1647 | D:2      | Reached XP level 4. HP: 24/32 MP: 11/11
  2656 | D:3      | Found a white marble altar of Elyvilon.
  2683 | D:3      | Reached skill level 1 in Conjurations
  2683 | D:3      | Reached skill level 1 in Summonings
  2683 | D:3      | Reached skill level 1 in Necromancy
  2683 | D:3      | Reached skill level 1 in Translocations
  2683 | D:3      | Reached skill level 1 in Transmutations
  2683 | D:3      | Reached skill level 1 in Fire Magic
  2683 | D:3      | Reached skill level 1 in Ice Magic
  2683 | D:3      | Reached skill level 1 in Air Magic
  2683 | D:3      | Reached skill level 1 in Earth Magic
  2683 | D:3      | Reached skill level 1 in Poison Magic
  2747 | D:3      | Found a stormy altar of Qazlal.
  2941 | D:3      | Found a shadowy altar of Dithmenos.
  2941 | D:3      | Noticed a shadow
  2955 | D:3      | Found a hazy altar of Hepliaklqana.
  3058 | D:3      | Reached XP level 5. HP: 19/37 MP: 12/12
  3650 | D:3      | Found an ornate altar of the Wu Jian Council.
  4250 | D:4      | Noticed Menkaure
  4322 | D:4      | Slain by Menkaure

Illustrated notes

Levels and vault maps discovered:
D:1:      minmay_arrival_floating_metal, layout_loops_ring, serial_glass,
          glass_columns_a, glass_columns_a, glass_columns_a, glass_columns_a,
          item_on_display_a, due_unseen_surprise
D:2:      layout_basic
D:3:      layout_loops_corners, riverfiend_overflow_shadow_ancestor,
          elyvilon_altar_5, marbit_many_paths, grunt_qazlal_sundering
D:4:      layout_basic, skrybe_limestone_x, roderic_serpentine_path,
          uniq_menkaure

Skill      XL: |  1  2  3  4 |
---------------+-------------+-----
Spellcasting   | 5 |  5.2
Stealth        | 6 |  6.1
Invocations    | 1 |  1.6
Fighting       | 1 |  1.4
Long Blades    | 1 |  1.4
Axes           | 1 |  1.4
Maces & Flails | 1 |  1.4
Polearms       | 1 |  1.4
Staves         | 1 |  1.4
Slings         | 1 |  1.4
Bows           | 1 |  1.4
Crossbows      | 1 |  1.4
Throwing       | 1 |  1.4
Armour         | 1 |  1.4
Shields        | 1 |  1.4
Unarmed Combat | 1 |  1.4
Evocations     | 1 |  1.4
Conjurations   | 1 |  1.1
Summonings     | 1 |  1.1
Necromancy     | 1 |  1.1
Translocations | 1 |  1.1
Transmutations | 1 |  1.1
Fire Magic     | 1 |  1.1
Ice Magic      | 1 |  1.1
Air Magic      | 1 |  1.1
Earth Magic    | 1 |  1.1
Poison Magic   | 1 |  1.1
Short Blades   | |  2.9
Dodging        | |  4.7
Hexes          | |  5.5

Action                   |  1- 3 |  4- 6 || total
-------------------------+-------+-------++-------
Melee: Dagger            |   130 |   177 ||   307
       Spear             |    11 |       ||    11
       Bite              |    10 |    19 ||    29
       Punch             |     2 |       ||     2
       Whip              |       |     9 ||     9
  Use: Scroll            |     1 |     4 ||     5
 Stab: Sleeping          |     7 |    14 ||    21
       Distracted        |       |     1 ||     1
Armor: Robe              |    35 |    14 ||    49
Dodge: Dodged            |   126 |   104 ||   230

Table legend: (Time is in decaauts)
 A = Elapsed time spent in this place.
 B = Non-inter-level travel time spent in this place.
 C = Inter-level travel time spent in this place.
 D = Time resting spent in this place.
 E = Time spent auto-exploring this place.
 F = Levels seen in this place.
 G = Mean time per level.
                   A        B        C        D        E       F      G
               +--------+--------+--------+--------+--------+-----+--------+
         Total |   4303 |   4192 |    111 |    296 |   3208 |   4 | 1075.8 |
       Dungeon |   4303 |   4192 |    111 |    296 |   3208 |   4 | 1075.8 |
               +--------+--------+--------+--------+--------+-----+--------+

Top non-repeatable levels by time:
     D:3: 1487 daAuts
     D:1: 1429 daAuts
     D:2: 1183 daAuts
     D:4: 204 daAuts
